 Dungeon Sprint DCSS version 0.32-a0-876-gcfddb08e57 (webtiles) character file.

Game seed: 3636220525139756943

800000 Griffin23 the Caller (level 1, -63/15 (16) HPs)
             Began as a Formicid Wanderer on Apr 1, 2024.
             Annihilated by a meat berserker
             ... wielding a +9 battleaxe
              (78 damage)
             ... in the Dungeon (Sprint VIII: "Arena of Blood").
             The game lasted 00:00:20 (8 turns).

Griffin23 the Caller (Formicid Wanderer)               Turns: 8, Time: 00:00:20

HP:   -63/15 (16)   AC:  3    Str: 14    XL:     1   Next: 0%
MP:   2/2           EV: 10    Int: 12    God:
Gold: 0             SH:  4    Dex: 14    Spells: 1/2 levels left

rFire   . . .        j - +∞ Axe of Woe
rCold   . . .        d - +0 buckler
rNeg    . . .        f - +0 leather armour
rPois   .            (helmet unavailable)
rElec   .            (no cloak)
rCorr   .            (no gloves)
SInv    +            (no boots)
Will    .....        (no amulet)
Stlth   ++           (no ring)
HPRegen 0.22/turn    (no ring)
MPRegen 0.08/turn

%: no passive effects
@: drained
A: permanent stasis, dig shafts and tunnels, antennae 3, four strong arms
a: Dig


You were in the Dungeon.
You visited 1 branch

Inventory:

Hand Weapons
 a - a +0 dagger
 j - the +∞ Axe of Woe (weapon)
   (You found it in the Dungeon)
Missiles
 b - an atropa-tipped dart (quivered)
 c - a datura-tipped dart
Armour
 d - a +0 buckler (worn)
 f - a +0 leather armour (worn)
Scrolls
 e - a scroll of silence
Potions
 g - a potion of curing
 h - a potion of heal wounds
 i - 2 potions of magic


   Skills:
 + Level 2.1 Fighting
 + Level 1.0 Dodging
 + Level 2.4 Stealth
 + Level 1.3 Shields
 + Level 1.1 Spellcasting
 + Level 3.0 Summonings


You had one spell level left.
You knew the following spells:

 Your Spells              Type           Power      Damage    Failure   Level
a - Summon Small Mammal   Summ           28%        N/A       16%         1

Your spell library contained the following spells:

 Spells                   Type           Power      Damage    Failure   Level
 Call Canine Familiar     Summ           7%         N/A       41%         3


Dungeon Overview and Level Annotations

Branches:
Dungeon (1/1)

Altars:
Makhleb


Innate Abilities, Weirdness & Mutations

You cannot be hasted, slowed, berserked, paralysed or teleported.
You can dig through walls and to a lower floor.
You have a pair of large antennae on your head. (SInv)
Your four strong arms can wield two-handed weapons with a shield.


Message History

------------------------------------------------------------------------------ ------------------------------------------------------------------------------ -- -- -- The Arena Of Blood -- -- -- -- -- -- -- -- You descend into the pit of gibs and meat, -- -- The sunken abyss of the depraved, -- -- The mill of turgid gutspawn. -- -- The writhen instruments serve in adoration, -- -- Immured beneath a rotten throne. -- -- -- -- Before you lies the servitor of chaos, -- -- The cleaver, -- -- The blasphemer, -- -- The destroyer, -- -- The Axe of Woe. -- -- -- -- Vessel of Makhleb, -- -- You are the unmaker, -- -- You bring the rapture, -- -- The murmurs of the thralls rise... -- -- The theatre of blood begins. -- -- -- ------------------------------------------------------------------------------ ------------------------------------------------------------------------------ Welcome, Griffin23 the Formicid Wanderer. [Dungeon Sprint] Press ? for a list of commands and other information.
Found the +∞ Axe of Woe.
Found four burning altars of Makhleb.
Found a staircase leading out of the dungeon.
You begin with the following items: a +0 dagger, an atropa-tipped dart, a datura-tipped dart, a +0 buckler, a scroll of silence, a +0 leather armour, a potion of curing, a potion of heal wounds, 2 potions of magic; and the following spell memorised: Summon Small Mammal; and the following spells available to memorise: Call Canine Familiar.
j - the +∞ Axe of Woe
j - the +∞ Axe of Woe (weapon)
There is a burning altar of Makhleb here.
You extend your mandibles.
You dig through the rock wall.
You feel drained.
A bag of meat comes into view. It is wielding a +9 war axe.
You retract your mandibles.
A bag of meat comes into view. It is wielding a +9 war axe.
The meat berserker appears out of thin air!
A meat berserker comes into view. It is wielding a +9 battleaxe.
The bag of meat shouts! x2; The meat berserker shouts!
The bag of meat moves out of view.
The meat berserker appears out of thin air!
A meat berserker comes into view. It is wielding a +9 battleaxe.
The meat berserker shouts!
The meat berserker rages.
You hit the meat berserker.
You cleave the meat berserker in twain.
You kill the meat berserker!
You hit the bag of meat.
You dissect the bag of meat like a pig carcass.
You kill the bag of meat!
A meat berserker comes into view. It is wielding a +9 battleaxe.
The meat berserker hits you with a +9 battleaxe!!!!
Ouch! That really hurt!
You die...

..... .........
...... #.......#
..#... #.......#
......###.... ..###.
.....o.....###......
...#........_......
.#....O..#.....#
.......@)._.<._#
.#.....).#.....#
...#........_......
...........###......
......###.... ..###.
...... #.......#{
...... #.......#
...... .........


You could see a meat berserker (berserk) and a bag of meat.

Vanquished Creatures
  An ogre (D)
  An orc (D)
2 creatures vanquished.

Notes
Turn   | Place    | Note
-------+----------+-------------------------------------------
     0 | D        | Found the +∞ Axe of Woe
     0 | D        | Griffin23 the Formicid Wanderer began the quest for the
                  | Orb.
     0 | D        | Griffin23 set off with the following items: a +0 dagger, an
                  | atropa-tipped dart, a datura-tipped dart, a +0 buckler, a
                  | scroll of silence, a +0 leather armour, a potion of curing,
                  | a potion of heal wounds, 2 potions of magic; and the
                  | following spell memorised: Summon Small Mammal; and the
                  | following spells available to memorise: Call Canine
                  | Familiar.
     0 | D        | Reached XP level 1. HP: 16/16 MP: 2/2
     4 | D        | Noticed a bag of meat
     5 | D        | Noticed a bag of meat
     5 | D        | Noticed a meat berserker
     6 | D        | Noticed a meat berserker
     8 | D        | Killed a meat berserker
     8 | D        | Killed a bag of meat
     8 | D        | Noticed a meat berserker
     8 | D        | Annihilated by a meat berserker

Illustrated notes

Levels and vault maps discovered:
D:        meatsprint

Action                     || total
---------------------------++-------
  Melee: Executioner's axe ||     1
Ability: Dig               ||     1
 Armour: Leather armour    ||     1

Table legend: (Time is in decaauts)
 A = Elapsed time spent in this place.
 B = Non-inter-level travel time spent in this place.
 C = Inter-level travel time spent in this place.
 D = Time resting spent in this place.
 E = Time spent auto-exploring this place.
 F = Levels seen in this place.
 G = Mean time per level.
                   A        B        C        D        E       F      G
               +--------+--------+--------+--------+--------+-----+--------+
         Total |      7 |      7 |      0 |      0 |      0 |   1 |    7.0 |
       Dungeon |      7 |      7 |      0 |      0 |      0 |   1 |    7.0 |
               +--------+--------+--------+--------+--------+-----+--------+

Top non-repeatable levels by time:
       D: 7 daAuts
